Map: Nightscape LE

Players

Pisolino

  • Race: Zerg Zerg
  • Spawn Location: 1:00

Caste

  • Race: Terran Terran
  • Spawn Location: 1:00

Massa - Winner!

  • Race: Terran Terran
  • League: Platinum
  • Spawn Location: 7:00

qqq - Winner!

  • Race: Protoss Protoss
  • Spawn Location: 7:00

VOD

Have the link to the VOD?

Description

Time

  • Played on: Oct. 6, 2020, 4:10 p.m.
  • Length: 13:56
Show
View Real Time Build Order
Export as new Build Order

Pisolino Zerg 

Build Orders: Pool First, Swarm Host 

Get SALT Encoding   

  12  0:02  Drone  
  13  0:14  Drone  
  13  0:17  Overlord  
  14  0:28  Extractor, Drone  
  14  0:37  Drone x2  
  16  0:52  Drone  
  17  1:08  Drone  
  17  1:10  Drone  
  19  1:22  Drone  
  20  1:35  Drone, Spawning Pool  
  20  1:43  Drone  
  21  1:52  Extractor, Drone  
  21  2:04  Hatchery  
  20  2:14  Drone x2  
  22  2:25  Lair, Spore Crawler  
  21  2:30  Drone  
  22  2:41  Overlord  
  22  2:51  Overlord  
  22  3:15  Overlord  
  22  3:16  Queen  
  24  3:25  Drone, Infestation Pit  
  24  3:27  Queen  
  26  3:35  Nydus Network  
  25  4:01  Swarm Host x3  
  25  4:02  Swarm Host x3  
  43  4:13  Swarm Host x2  
  49  4:26  Swarm Host  
  49  4:28  Overlord x2  
  52  4:37  Nydus Canal  
  52  4:39  Pneumatized Carapace  
  52  5:30  Spire  
  51  5:48  Hatchery  
  50  6:30  Spore Crawler  
  50  6:31  Drone x2  
  50  6:32  Drone x2, Spore Crawler  
  52  6:33  Drone x2, Spore Crawler  
  53  6:55  Hydralisk Den  
  53  6:56  Nydus Canal  
  52  7:20  Overlord x2  
  52  7:22  Evolution Chamber  
  51  7:23  Evolution Chamber, Overseer  
  51  7:26  Drone x3  
  51  7:27  Drone x5  
  51  7:28  Overlord x2  
  58  7:58  Nydus Canal  
  58  8:07  Zerg Missile Weapons Level 1, Zerg Ground Armor Level 1  
  58  8:09  Hive  
  58  8:14  Lurker Den  
  57  8:38  Grooved Spines  
  57  8:39  Hydralisk  
  57  8:40  Hydralisk x2  
  63  8:44  Extractor  
  63  8:45  Drone  
  63  8:46  Drone x2  
  63  8:47  Extractor  
  64  8:52  Hydralisk x3  
  70  9:11  Overlord x2  
  70  9:16  Drone x3  
  73  9:22  Drone  
  74  9:33  Drone  
  74  9:34  Drone x2  
  77  9:40  Spore Crawler  
  77  9:45  Spore Crawler  
  75  9:47  Drone  
  76  9:59  Hydralisk x2  
  80  10:34  Hydralisk x5  
  80  10:35  Hydralisk x5  
  84  10:51  Drone  
  84  10:52  Drone x7  
  91  11:03  Nydus Canal  
  48  12:01  Drone x3, Hatchery  
  50  12:21  Hatchery  
  49  12:40  Drone  
  49  12:41  Drone x5  
  55  13:04  Nydus Canal  
Show
View Real Time Build Order
Export as new Build Order

Caste Terran 

Build Orders:  

Get SALT Encoding   

  12  0:00  SCV  
  13  0:12  SCV  
  14  0:24  SCV, Supply Depot  
  15  0:30  Refinery  
  15  0:45  SCV  
  15  0:46  Barracks  
  16  0:57  SCV  
  17  1:10  SCV  
  17  1:13  Refinery  
  17  1:21  Barracks  
  17  1:23  SCV  
  18  1:35  Supply Depot  
  18  1:36  SCV  
  19  1:48  Marine  
  20  1:57  Orbital Command  
  20  2:06  Marine  
  21  2:14  Marine  
  22  2:23  Marine  
  22  2:27  SCV  
  24  2:31  Marine  
  24  2:34  Supply Depot  
  25  2:39  SCV, Factory  
  26  2:44  Marine  
  26  2:49  Marine  
  28  2:51  SCV  
  29  3:02  Marine  
  29  3:03  SCV  
  31  3:06  Engineering Bay  
  31  3:08  Barracks Reactor  
  31  3:24  Factory Tech Lab  
  31  3:25  Barracks Tech Lab  
  31  3:26  Starport  
  31  3:28  SCV  
  32  3:44  Marine x2  
  32  3:45  Marine  
  32  3:47  Stimpack  
  35  3:54  Widow Mine  
  37  3:58  Missile Turret  
  37  4:04  Command Center  
  37  4:07  Starport Reactor  
  37  4:10  Marine  
  38  4:29  Marine  
  39  4:39  Mag-Field Accelerator  
  39  4:44  Supply Depot  
  39  5:06  Cyclone, Marine x2  
  44  5:07  Medivac  
  44  5:09  Command Center  
  44  5:13  Supply Depot  
  46  5:16  Medivac  
  46  5:20  Orbital Command  
  48  5:25  Marine x2  
  48  5:27  Marine  
  51  5:45  SCV  
  52  5:51  Marine x3  
  52  5:53  Medivac  
  52  5:56  Medivac  
  59  6:00  Missile Turret  
  59  6:09  Cyclone, Marine  
  63  6:13  SCV x2  
  63  6:18  Marine x2  
  65  6:25  SCV, Supply Depot  
  66  7:02  Marine x3  
  54  7:12  Medivac x2  
  56  7:19  Marine  
  56  7:20  Orbital Command, Marine x2  
  56  7:21  SCV x2, Missile Turret  
  61  7:26  Missile Turret  
  60  7:33  SCV  
  60  7:34  SCV  
  62  7:37  Marine x2  
  62  7:38  Marine  
  62  7:42  Medivac  
  67  7:48  Medivac  
  69  7:51  SCV x3  
  69  7:55  Marine x3  
  69  7:57  Missile Turret  
  75  8:01  Supply Depot  
  75  8:03  SCV x2, Missile Turret  
  77  8:13  Marine x3  
  77  8:17  Barracks  
  77  8:18  Barracks  
  77  8:19  Barracks  
  78  8:31  Marine x2  
  80  8:34  Marine  
  80  8:36  Cyclone  
  80  8:37  Viking x2  
  87  8:48  Marine  
  87  8:49  Marine  
  87  8:52  Marine  
  81  9:00  SCV x3  
  78  9:06  Refinery, Marine x2  
  78  9:07  Viking  
  78  9:08  Refinery  
  82  9:11  Missile Turret  
  82  9:12  Barracks Reactor, SCV x3  
  82  9:13  Barracks Reactor, Barracks Tech Lab  
  85  9:24  SCV x2  
  85  9:25  SCV  
  85  9:29  Marine  
  85  9:30  Marine x2  
  91  9:35  Combat Shield  
  91  9:39  Engineering Bay, Command Center  
  91  9:45  Missile Turret  
  91  9:49  Missile Turret  
  91  9:59  Marine x6  
  96  10:00  Marine x2  
  96  10:03  Medivac  
  100  10:17  Marine  
  101  10:22  Marine  
  101  10:23  Medivac  
  101  10:42  Marine x3  
  101  10:43  Marine  
  101  10:44  Marine x2  
  101  10:45  Marine x2  
  93  11:00  Marine x3  
  93  11:01  Marine x3  
  93  11:03  Marine x2  
  101  11:19  Marine  
  101  11:20  Marine x3  
  101  11:21  Marine x2  
  101  11:22  Marine x2  
  97  11:30  SCV x3  
  100  11:37  Marine  
  101  11:50  Marine  
  101  11:52  Marine x2  
  101  11:53  SCV  
  101  11:54  Marine  
  101  11:55  Marine  
  101  11:56  Marine  
  101  12:13  Supply Depot  
  101  12:15  Supply Depot  
  101  12:16  Supply Depot  
  101  12:31  Armory  
  101  12:35  SCV x3, Marine x3  
  107  12:56  Marine x5  
  107  12:57  Marine x3  
  115  12:58  Command Center  
  115  13:06  Missile Turret  
  115  13:08  Missile Turret  
  115  13:09  Missile Turret x2  
  115  13:14  Marine x2  
  81  13:35  Marine x8  
  76  13:47  Missile Turret  
Show
View Real Time Build Order
Export as new Build Order

Massa Terran - Winner!

Build Orders: Reaper Expand 

Get SALT Encoding   

  12  0:00  SCV  
  13  0:12  SCV  
  14  0:24  SCV  
  14  0:25  Supply Depot  
  15  0:36  Refinery  
  15  0:47  SCV, Barracks  
  16  0:59  SCV  
  18  1:11  SCV  
  18  1:23  SCV  
  19  1:34  Reaper  
  19  1:38  Command Center  
  20  1:42  Orbital Command  
  20  2:06  Marine, Supply Depot  
  21  2:11  Factory  
  21  2:22  SCV  
  22  2:34  SCV  
  23  2:44  Command Center  
  23  2:55  Orbital Command  
  23  2:57  SCV  
  23  3:01  Factory Tech Lab  
  23  3:08  Barracks Tech Lab  
  23  3:09  SCV, Supply Depot  
  24  3:20  SCV  
  24  3:26  Engineering Bay  
  25  3:31  Starport  
  25  3:33  SCV, Marauder  
  28  3:38  Supply Depot  
  28  3:47  Siege Tank  
  28  3:48  SCV x2  
  33  3:54  Refinery  
  33  3:57  Missile Turret  
  33  3:59  Orbital Command  
  33  4:00  SCV  
  34  4:03  SCV  
  34  4:07  Marine  
  36  4:12  SCV  
  36  4:15  SCV  
  38  4:19  Widow Mine  
  40  4:24  SCV  
  40  4:25  SCV, Marauder  
  40  4:27  SCV  
  45  4:36  SCV  
  46  4:41  Widow Mine  
  48  4:47  Viking  
  50  4:56  Orbital Command  
  50  4:57  Marauder  
  52  5:00  Refinery  
  52  5:02  Widow Mine, Refinery  
  50  5:18  Marauder  
  52  5:36  Missile Turret  
  52  5:55  Orbital Command  
  50  6:04  Marauder  
  51  6:24  SCV  
  52  6:25  SCV  
  52  6:26  Marauder  
  55  6:36  SCV  
  56  6:47  Marauder  
  56  6:48  SCV  
  57  7:09  Marauder  
  59  7:16  Orbital Command  
  59  7:44  Command Center  
  59  7:46  SCV x3  
  59  7:49  Barracks  
  59  7:50  Barracks  
  59  7:51  Barracks x2  
  62  7:56  Siege Tank  
  62  7:58  SCV x3, Marauder  
  70  7:59  Stimpack  
  70  8:09  Engineering Bay  
  70  8:10  SCV x3  
  73  8:19  Marauder  
  75  8:22  SCV  
  76  8:36  SCV, Supply Depot  
  76  8:37  Supply Depot x3  
  76  8:38  Supply Depot  
  83  8:55  SCV x3, Siege Tank  
  83  8:58  Orbital Command  
  83  9:00  Barracks Reactor, Barracks Tech Lab  
  83  9:02  Supply Depot x2  
  83  9:04  Supply Depot  
  83  9:05  Supply Depot x2  
  83  9:07  SCV x3  
  83  9:08  Refinery  
  83  9:09  Refinery  
  86  9:10  Terran Infantry Weapons Level 1  
  86  9:14  Engineering Bay  
  86  9:17  Armory  
  86  9:19  SCV, Armory  
  86  9:20  SCV  
  86  9:22  Missile Turret  
  88  9:27  Sensor Tower, Siege Tank  
  91  9:32  Marauder  
  93  9:38  Barracks Tech Lab  
  93  9:40  Marauder, Marine x2  
  93  9:43  Barracks Reactor  
  97  9:50  Infernal Pre-Igniter  
  97  9:53  Marauder  
  97  9:56  Medivac  
  97  9:58  Marine x2  
  103  10:01  Marauder  
  105  10:14  Marauder  
  105  10:16  Marine x2  
  109  10:23  Marauder  
  109  10:26  Medivac  
  109  10:27  Marauder  
  109  10:28  Marine x2  
  113  10:33  SCV x3, Marine  
  113  10:34  Marine  
  120  10:36  Marauder  
  121  10:44  Marine, Siege Tank  
  121  10:45  SCV x3  
  121  10:46  Marine x2  
  121  10:49  Marauder  
  132  10:51  Marine  
  132  10:52  Marine  
  132  10:57  SCV x3, Marine  
  134  11:01  Marine  
  134  11:04  Marine x2  
  140  11:09  Marine x2  
  140  11:10  Marauder  
  144  11:13  Orbital Command  
  144  11:15  Marauder  
  144  11:17  Siege Tank  
  149  11:20  Marauder  
  149  11:21  Marine  
  149  11:22  Marine  
  121  11:27  Marine x2  
  121  11:32  Marauder  
  119  11:34  Terran Infantry Weapons Level 2  
  119  11:35  Terran Infantry Armor Level 1  
  119  11:36  Marauder, Terran Vehicle And Ship Armor Level 1, Terran Vehicle Weapons Level 1  
  119  11:39  Marine  
  122  11:40  Marine  
  122  11:41  Marine  
  124  11:48  Marine x2  
  124  11:52  Marine  
  127  11:57  Marine x2  
  127  11:58  Marauder  
  127  11:59  Marauder  
  127  12:00  Command Center  
  133  12:06  Marine x2, Sensor Tower  
  135  12:11  Marauder  
  135  12:13  Combat Shield  
  135  12:15  Marine x2  
  138  12:16  Sensor Tower, Concussive Shells  
  138  12:19  Marauder  
  138  12:20  Marauder  
  138  12:21  SCV x2  
  138  12:22  SCV x2  
  147  12:32  Marauder  
  147  12:33  SCV  
  150  12:40  Marauder  
  150  12:41  Command Center  
  150  12:42  Marauder  
  154  12:49  SCV x4  
  158  12:53  Marauder  
  160  13:01  SCV x4  
  160  13:02  Marauder  
  160  13:03  Marauder  
  168  13:13  SCV x2  
  168  13:14  SCV x2  
  172  13:25  SCV, Marauder x3, Marine  
  172  13:26  SCV, Marine x3  
  187  13:50  Supply Depot  
  187  13:51  Supply Depot  
  187  13:52  Supply Depot x2  
  187  13:53  Supply Depot x2  
  187  13:54  Supply Depot  
  187  13:55  Supply Depot x3  
Show
View Real Time Build Order
Export as new Build Order

qqq Protoss - Winner!

Build Orders: 1 Gate Expand, Carriers 

Get SALT Encoding   

  12  0:00  Probe  
  13  0:15  Pylon  
  13  0:19  Probe  
  14  0:31  Probe  
  15  0:43  Probe, Gateway  
  16  0:55  Probe  
  17  1:14  Probe  
  18  1:27  Nexus  
  18  1:35  Probe  
  19  1:47  Probe  
  20  1:59  Probe  
  21  2:11  Probe  
  21  2:23  Probe (Chrono Boost)  
  21  2:26  Cybernetics Core  
  21  2:28  Pylon  
  22  2:34  Assimilator  
  22  2:35  Probe (Chrono Boost)  
  23  2:39  Assimilator  
  23  2:42  Probe (Chrono Boost)  
  23  2:43  Probe (Chrono Boost)  
  25  2:45  Pylon  
  25  2:50  Probe  
  25  2:51  Probe  
  27  3:02  Nexus  
  27  3:03  Probe (Chrono Boost)  
  27  3:04  Probe (Chrono Boost), Pylon  
  29  3:15  Probe (Chrono Boost)  
  29  3:18  Probe (Chrono Boost)  
  31  3:20  Probe (Chrono Boost)  
  31  3:26  Probe, Assimilator  
  33  3:29  Probe  
  33  3:30  Assimilator  
  34  3:36  Forge  
  34  3:40  Stalker  
  34  3:41  Probe x2 (Chrono Boost)  
  38  3:54  Probe (Chrono Boost)  
  40  3:58  Probe (Chrono Boost)  
  40  4:02  Probe (Chrono Boost), Stargate  
  41  4:06  Probe (Chrono Boost)  
  41  4:08  Probe  
  43  4:13  Photon Cannon  
  43  4:15  Photon Cannon  
  43  4:17  Probe  
  43  4:20  Probe  
  43  4:23  Stargate  
  45  4:25  Probe (Chrono Boost)  
  47  4:33  Probe (Chrono Boost)  
  47  4:37  Probe (Chrono Boost)  
  47  4:38  Probe (Chrono Boost)  
  49  4:43  Probe (Chrono Boost)  
  49  4:44  Probe (Chrono Boost)  
  51  4:49  Phoenix, Fleet Beacon  
  51  4:51  Probe  
  51  4:52  Probe  
  55  4:54  Probe  
  56  5:03  Probe  
  56  5:04  Probe  
  58  5:10  Phoenix  
  60  5:14  Phoenix  
  62  5:22  Probe x3  
  65  5:34  Probe, Phoenix  
  68  5:39  Probe x2, Phoenix  
  72  5:46  Probe  
  73  5:52  Pylon  
  73  5:54  Pylon  
  73  5:56  Pylon  
  73  5:58  Pylon  
  73  5:59  Phoenix  
  75  6:04  Phoenix  
  75  6:11  Assimilator  
  77  6:15  Assimilator  
  77  6:24  Probe x3  
  77  6:25  Carrier  
  86  6:29  Carrier  
  92  6:35  Stargate  
  92  6:36  Probe x3  
  95  6:48  Probe x3  
  98  7:01  Probe  
  99  7:13  Probe  
  100  7:22  Carrier  
  106  7:51  Nexus  
  106  7:54  Pylon  
  106  7:56  Pylon x2  
  106  7:58  Pylon  
  106  7:59  Pylon  
  106  8:02  Pylon  
  106  8:03  Pylon  
  106  8:06  Pylon x2  
  106  8:10  Pylon  
  106  8:12  Carrier, Pylon  
  112  8:14  Carrier  
  120  8:22  Nexus, Mothership (Chrono Boost)  
  120  8:24  Pylon  
  120  8:25  Protoss Air Armor Level 1 (Chrono Boost)  
  118  8:27  Pylon  
  118  8:30  Pylon  
  118  8:32  Carrier  
  117  9:02  Probe  
  117  9:07  Photon Cannon  
  117  9:09  Photon Cannon  
  117  9:11  Photon Cannon  
  117  9:14  Probe, Photon Cannon  
  117  9:16  Carrier  
  124  9:18  Carrier  
  124  9:19  Photon Cannon  
  124  9:22  Shield Battery  
  130  9:27  Probe  
  131  9:33  Photon Cannon  
  131  9:35  Tempest, Photon Cannon  
  131  9:37  Pylon  
  136  9:41  Probe (Chrono Boost), Photon Cannon  
  137  9:45  Probe (Chrono Boost)  
  139  9:56  Probe x2 (Chrono Boost)  
  140  10:00  Probe (Chrono Boost)  
  140  10:03  Probe  
  142  10:12  Probe  
  142  10:13  Anion Pulse-Crystals  
  143  10:15  Probe, Stargate  
  143  10:18  Stargate  
  143  10:19  Carrier  
  143  10:20  Carrier  
  156  10:22  Carrier  
  156  10:24  Probe  
  156  10:27  Probe, Protoss Air Weapons Level 1  
  164  10:39  Probe  
  169  11:42  Probe  
  169  11:46  Carrier  
  170  11:48  Pylon  
  170  11:51  Pylon  
  170  11:54  Probe  
  170  11:57  Tempest, Pylon  
  170  11:59  Pylon  
  159  12:02  Probe x2  
  159  12:03  Pylon  
  159  12:05  Carrier, Pylon  
  159  12:06  Probe  
  159  12:07  Assimilator x2  
  162  12:09  Pylon  
  162  12:12  Pylon, Assimilator x2  
  162  12:14  Probe x2  
  164  12:18  Probe  
  164  12:22  Carrier x2  
  177  12:26  Probe x2  
  179  12:30  Probe, Pylon, Nexus  
  179  12:34  Pylon  
  180  12:37  Pylon  
  180  12:38  Probe x2  
  180  12:40  Pylon  
  182  12:47  Tempest  
  182  12:50  Tempest  
  192  12:56  Pylon  
  192  12:57  Photon Cannon  
  192  13:04  Photon Cannon  
  192  13:06  Photon Cannon  
  192  13:10  Photon Cannon  
  198  13:13  Shield Battery  
  198  13:16  Shield Battery  
  198  13:19  Shield Battery  
  198  13:21  Photon Cannon  
  198  13:26  Nexus  
  193  13:27  Pylon  
  193  13:30  Pylon  
  193  13:33  Pylon  
Tags
 
Add a new tag
Caveats
  • Supply blocks, unpowered buildings, or Contaminate may cause inaccurate times.
  • Supply counts are checked every 10 seconds.